 Dungeon Crawl Stone Soup version 0.20-a0-432-g25cc1b4 (webtiles) character file.

12432 Kidiri the Thaumaturge (level 11, 0/60 HPs)
             Began as a Deep Elf Fire Elementalist on Jan 2, 2017.
             Was an Elder of Vehumet.
             Slain by a wyvern (3 damage)
             ... on level 2 of the Lair of Beasts.
             The game lasted 00:41:22 (13163 turns).

Kidiri the Thaumaturge (DEFE)                      Turns: 13163, Time: 00:41:23

Health: 0/60       AC:  8    Str:  5    XL:     11   Next: 62%
Magic:  11/28      EV: 16    Int: 31    God:    Vehumet [****..]
Gold:   491        SH:  0    Dex: 22    Spells: 4/33 levels left

rFire  . . .     SeeInvis .     g - +9 spear of Defiance {speed, +Blink Dex+7}
rCold  . . .     Gourm    .     c - +2 leather armour of Disguise {Slay+6}
rNeg   . . .     Faith    .     (no shield)
rPois  .         Spirit   .     w - +2 hat {Int+3}
rElec  .         Reflect  .     (no cloak)
rCorr  .         Harm     .     d - +0 pair of gloves
MR     +....                    (no boots)
Stlth  ++........               u - amulet of rage
                                f - ring of wizardry
                                y - +2 ring of intelligence

@: no status effects
A: horns 1, clever 1
a: Renounce Religion, Evoke Blink, Evoke Berserk Rage


You were on level 2 of the Lair of Beasts.
You worshipped Vehumet.
Vehumet was greatly pleased with you.
You were not hungry.

You visited 3 branches of the dungeon, and saw 12 of its levels.

You collected 579 gold pieces.
You spent 88 gold pieces at shops.

Inventory:

Hand Weapons
 g - the +9 spear of Defiance (weapon) {speed, +Blink Dex+7}
   (You found it on level 5 of the Dungeon)

   Attacks with this weapon are significantly faster.
   It affects your dexterity (+7).
   It lets you blink.
Armour
 c - the +2 leather armour of Disguise (worn) {Slay+6}
   (You found it on level 8 of the Dungeon)

   It affects your accuracy and damage with ranged weapons and melee attacks
   (+6).
 d - a +0 pair of gloves (worn)
 w - a +2 hat of intelligence (worn)
Jewellery
 f - a ring of wizardry (right hand)
 r - an uncursed ring of magical power
 u - an amulet of rage (around neck)
 y - a +2 ring of intelligence (left hand)
 A - an uncursed ring of poison resistance
Wands
 a - a wand of confusion (18/48)
 o - a wand of polymorph (0/24)
 x - a wand of disintegration (4/24)
 z - a wand of acid (6/15)
 B - a wand of digging (8/24)
Scrolls
 i - 7 scrolls of remove curse
 k - a scroll of magic mapping
 s - 5 scrolls of teleportation
Potions
 e - 5 potions of curing
 h - 4 potions of lignification {unknown}
 j - 2 potions of brilliance
 l - a potion of ambrosia {unknown}
 m - 2 potions of heal wounds
 n - a potion of magic
 p - 3 potions of degeneration {unknown}
 t - a potion of haste
 C - a potion of cancellation {unknown}
Comestibles
 b - 10 chunks of flesh
 q - 4 meat rations
 D - 3 bread rations


   Skills:
 + Level 3.8 Fighting
   Level 3.9 Short Blades
 + Level 4.6 Throwing
 + Level 4.5 Armour
 + Level 6.4 Dodging
 - Level 2.4 Stealth
 * Level 11.6 Spellcasting
 + Level 6.9 Conjurations
 + Level 8.0 Fire Magic
 + Level 4.4 Ice Magic
 + Level 3.0 Air Magic
 + Level 4.1 Earth Magic
 + Level 1.9 Poison Magic
 + Level 5.0 Evocations


You had 4 spell levels left.
You knew the following spells:

 Your Spells              Type           Power        Failure   Level  Hunger
a - Flame Tongue          Conj/Fire      #####        1%          1    None
b - Throw Flame           Conj/Fire      ######       1%          2    None
c - Conjure Flame         Conj/Fire      ######..     1%          3    None
d - Inner Flame           Hex/Fire       #####...     1%          3    None
e - Sticky Flame          Conj/Fire      ######..     1%          4    None
f - Fireball              Conj/Fire      ######....   1%          5    ##.....
g - Throw Icicle          Conj/Ice       ######..     1%          4    None
h - Sandblast             Erth           #####.       1%          1    None
i - Static Discharge      Conj/Air       #####...     1%          3    None
j - Ignite Poison         Fire/Tmut/Pois #####...     1%          3    None


Dungeon Overview and Level Annotations

Branches:
Dungeon (9/15)             Temple (1/1) D:5            Lair (2/6) D:9
 Spider (0/4) Lair:2
  Swamp: Lair:2-4    Shoals: Lair:2-4       Orc: D:9-12

Altars:
Ashenzari
Cheibriados
Dithmenos
Elyvilon
Fedhas
Gozag
Hepliaklqana
Kikubaaqudgha
Makhleb
Nemelex Xobeh
Okawaru
Qazlal
Ru
Sif Muna
Trog
Uskayaw
Vehumet
Xom
Yredelemnul
Zin
The Shining One

Shops:
D:5 :   D:7 !


Innate Abilities, Weirdness & Mutations

You have a pair of small horns on your head.
Your mind is acute. (Int +2)


Message History

Your Fire Magic skill increases to level 8!
The wolf burns!
The wolf stops burning.
The wolf burns!
The wyvern burns!
The wolf closely misses you. The wyvern bites you. The wolf bites you.
The porcupine bites you but does no damage.
The wolf bites you. The wolf bites you but does no damage.
Casting: Sticky Flame
Confirm with . or Enter, or press ? or * to list all spells.
Aiming: Sticky Flame
Press: ? - help, Shift-Dir - straight line, f - wolf, p - wolf
Aim: a wolf The sticky flame hits the wolf.
The wolf is moderately wounded.
The wolf is covered in liquid flames!
The wolf burns! x2; The wyvern burns!
The wolf bites you.
* * * LOW HITPOINT WARNING * * *
The wyvern bites you!
* * * LOW HITPOINT WARNING * * *
The wolf misses you. The wolf closely misses you. The porcupine misses you.
The wolf completely misses you. The wyvern bites you.
You die...

#.........#
....>....##
#.........#
##........##
#..........#
##.........#
#...hhl...#
#..h@r...#
#..h.....#
#.$.........
#............
##...........
#...........
#...........
............


You could see a wyvern (burning), 4 wolves and a porcupine.

Vanquished Creatures
  Gastronok (Lair:1)
  The ghost of Soeti the Cleaver, a novice VSFi of Trog (Lair:1)
  A spiny frog (Lair:2)
  Joseph (Lair:1)
  A torpor snail (Lair:2)
  A black mamba (Lair:1)
  A hornet (D:7)
  2 hippogriffs
  3 dream sheep (Lair:2)
  5 blink frogs (Lair:1)
  A spriggan (Lair:1)
  13 yaks
  2 wyverns
  A water moccasin (Lair:2)
  A porcupine (Lair:1)
  2 orc warriors
  2 sky beasts
  An ogre (D:7)
  4 ice beasts
  3 phantoms
  A wolf (Lair:2)
  4 centaurs
  A crocodile (D:8)
  A big kobold (D:9)
  5 bullfrogs
  4 scorpions
  19 wights
  4 howler monkeys
  4 crimson imps
  3 orc priests
  7 hounds
  19 orc wizards
  A gnoll shaman (D:5)
  A bullfrog skeleton (D:5)
  4 worker ants
  Robin (D:2)
  10 gnolls
  8 adders
  2 shadow imps
  A white imp (D:6)
  2 oozes
  An adder skeleton (D:7)
  4 worms
  A dart slug (D:1)
  8 leopard geckos
  37 orcs
  4 ball pythons
  4 giant cockroaches
  12 goblins
  16 hobgoblins
  4 jackals (D:3)
  11 kobolds
  5 quokkas
  7 bats
  4 frilled lizards
  A giant cockroach zombie (D:6)
  A quokka zombie (D:7)
  8 rats
  2 plants (Lair:1)
279 creatures vanquished.

Vanquished Creatures (others)
  A fungus (Lair:1)
  A plant (Lair:1)
  5 toadstools (D:1)
7 creatures vanquished.

Grand Total: 286 creatures vanquished

Notes
Turn   | Place    | Note
-------+----------+-------------------------------------------
     0 | D:1      | Kidiri the Deep Elf Fire Elementalist began the quest for the Orb.
     0 | D:1      | Reached XP level 1. HP: 10/10 MP: 6/6
   252 | D:1      | Reached XP level 2. HP: 15/15 MP: 1/8
   256 | D:1      | Learned a level 2 spell: Throw Flame
  1238 | D:2      | Reached XP level 3. HP: 19/19 MP: 7/10
  1261 | D:2      | Learned a level 3 spell: Conjure Flame
  1265 | D:2      | Learned a level 3 spell: Inner Flame
  1519 | D:2      | Reached skill level 4 in Spellcasting
  1800 | D:2      | Reached XP level 4. HP: 21/24 MP: 9/12
  1920 | D:2      | Noticed Robin
  1930 | D:2      | Killed Robin
  2403 | D:3      | Reached skill level 5 in Spellcasting
  2443 | D:3      | Learned a level 4 spell: Sticky Flame
  2934 | D:3      | Found a shattered altar of Ashenzari.
  2937 | D:3      | Found a sacrificial altar of Ru.
  2940 | D:3      | Found a glowing silver altar of Zin.
  3109 | D:4      | Gained mutation: Your mind is acute. (Int +2) [potion of beneficial mutation]
  3448 | D:4      | Gained mutation: Your muscles are strong. (Str +2) [potion of mutation]
  3448 | D:4      | Lost mutation: Your muscles are strong. (Str +2) [potion of mutation]
  3448 | D:4      | Gained mutation: You have a pair of small horns on your head. [potion of mutation]
  4176 | D:5      | Entered Level 5 of the Dungeon
  4176 | D:5      | Found a staircase to the Ecumenical Temple.
  4184 | D:5      | Reached XP level 5. HP: 17/28 MP: 13/14
  4216 | Temple   | Entered the Ecumenical Temple
  4350 | Temple   | Became a worshipper of Vehumet
  4379 | D:5      | Reached skill level 6 in Spellcasting
  4404 | D:5      | Noticed an ice beast
  4405 | D:5      | Reached XP level 6. HP: 30/32 MP: 17/17
  4412 | D:5      | Killed an ice beast
  4412 | D:5      | Reached skill level 5 in Fire Magic
  4487 | D:5      | Learned a level 5 spell: Fireball
  4511 | D:5      | Got a transparent spear
  4512 | D:5      | Identified the +9 spear of Defiance {speed, +Blink Dex+7} (You found it on level 5 of the Dungeon)
  4562 | D:5      | Noticed an ice beast
  4572 | D:5      | Killed an ice beast
  4572 | D:5      | Reached skill level 7 in Spellcasting
  4836 | D:5      | Reached XP level 7. HP: 13/36 MP: 19/19
  5070 | D:5      | Reached skill level 1 in Evocations
  5118 | D:5      | Reached skill level 1 in Short Blades
  5133 | D:5      | Reached skill level 1 in Throwing
  5133 | D:5      | Reached skill level 1 in Armour
  5174 | D:5      | Found Cucsuept's Book Shoppe.
  5791 | D:6      | Reached skill level 1 in Fighting
  5791 | D:6      | Reached skill level 8 in Spellcasting
  5870 | D:6      | Reached XP level 8. HP: 43/43 MP: 22/22
  6265 | D:6      | Reached * piety under Vehumet
  6265 | D:6      | Offered knowledge of Magic Dart by Vehumet.
  6374 | D:6      | Found a sparkling altar of Nemelex Xobeh.
  6517 | D:7      | Learned a level 4 spell: Throw Icicle
  6790 | D:6      | Reached skill level 5 in Conjurations
  6870 | D:6      | Found a shadowy altar of Dithmenos.
  6882 | D:6      | Found a glowing golden altar of the Shining One.
  7064 | D:7      | Reached skill level 9 in Spellcasting
  7067 | D:7      | Reached skill level 1 in Ice Magic
  7152 | D:7      | Reached XP level 9. HP: 18/48 MP: 10/24
  7610 | D:7      | Offered knowledge of Sandblast by Vehumet.
  7613 | D:7      | Learned a level 1 spell: Sandblast
  7641 | D:7      | Found Selup's Distillery.
  7654 | D:7      | Bought a potion of curing for 33 gold pieces
  7654 | D:7      | Bought a potion of heal wounds for 55 gold pieces
  7810 | D:7      | Reached ** piety under Vehumet
  8047 | D:8      | Reached skill level 1 in Earth Magic
  8928 | D:8      | Got an ancient leather armour
  8939 | D:8      | Identified the +2 leather armour of Disguise {Slay+6} (You found it on level 8 of the Dungeon)
  9271 | D:8      | Reached skill level 10 in Spellcasting
  9356 | D:8      | Offered knowledge of Static Discharge by Vehumet.
  9361 | D:8      | Learned a level 3 spell: Static Discharge
  9468 | D:8      | Reached *** piety under Vehumet
  9468 | D:8      | Reached XP level 10. HP: 46/54 MP: 23/26
  9676 | D:9      | Reached skill level 1 in Air Magic
  9679 | D:9      | Reached skill level 5 in Dodging
  9745 | D:9      | Offered knowledge of Dazzling Spray by Vehumet.
  9880 | D:9      | Found an opulent altar of Gozag.
 10154 | D:9      | Found a staircase to the Lair.
 10585 | D:9      | Reached **** piety under Vehumet
 10598 | Lair:1   | Entered Level 1 of the Lair of Beasts
 10599 | Lair:1   | Noticed a black mamba
 10605 | Lair:1   | Killed a black mamba
 10816 | Lair:1   | Noticed Joseph
 11062 | Lair:1   | Killed Joseph
 11455 | Lair:1   | Noticed Soeti's ghost (novice VSFi)
 11467 | Lair:1   | Killed Soeti's ghost
 11467 | Lair:1   | Reached XP level 11. HP: 49/60 MP: 27/27
 11564 | Lair:1   | Noticed Gastronok
 11621 | Lair:1   | Offered knowledge of Ignite Poison by Vehumet.
 11621 | Lair:1   | Reached skill level 11 in Spellcasting
 11658 | Lair:1   | Learned a level 3 spell: Ignite Poison
 12163 | Lair:1   | Killed Gastronok
 12476 | Lair:1   | Reached skill level 1 in Poison Magic
 12594 | Lair:2   | Reached skill level 5 in Evocations
 13026 | Lair:2   | Found a hole to the Spider Nest.
 13163 | Lair:2   | HP: 3/60 [wyvern (15)]
 13163 | Lair:2   | Slain by a wyvern

Vault maps used:
D:1:      ldierk_walled_garden, grunt_decor_fettered
D:2:      uniq_robin
D:3:      grunt_temple_overflow_diamond
D:5:      serial_shops, shop, first_bread
D:6:      lemuel_upstairs_altar, grunt_temple_overflow_open
D:7:      serial_shops, shop
D:9:      lair_entry_dummy, basic_altar
Temple:   regret_index_temple_sphere_string
Lair:1:   wad_woods_03, uniq_joseph, uniq_gastronok
Lair:2:   kb_forest_paths, nicolae_spider_entry_non_spiders,
          minmay_lair_oklob_items

Skill      XL: |  1  2  3  4  5  6  7  8  9 10 11 |
---------------+----------------------------------+-----
Conjurations   | 2 3 4 5 6 |  6.9
Spellcasting   | 4 5 6 7 8 9 10 11 | 11.6
Fire Magic     | 4 5 6 7 8 |  8.0
Evocations     | 1 2 3 4 5 |  5.0
Short Blades   | 1 2 3 |  3.9
Throwing       | 1 2 3 4 |  4.6
Armour         | 1 2 3 4 |  4.5
Fighting       | 1 2 3 |  3.8
Dodging        | 3 4 5 6 |  6.4
Ice Magic      | 1 2 3 4 |  4.4
Earth Magic    | 2 3 4 |  4.1
Air Magic      | 2 3 |  3.0
Poison Magic   | 1 |  1.9
Stealth        | |  2.4

Action                   |  1- 3 |  4- 6 |  7- 9 | 10-12 || total
-------------------------+-------+-------+-------+-------++-------
Melee: Dagger            |    21 |     7 |       |       ||    28
       Spear             |       |     3 |    67 |    40 ||   110
       Short sword       |       |     1 |       |       ||     1
       Headbutt          |       |       |     8 |    14 ||    22
 Cast: Flame Tongue      |    64 |    76 |   131 |   114 ||   385
       Throw Flame       |     1 |    10 |    19 |    13 ||    43
       Sticky Flame      |       |     5 |    32 |    38 ||    75
       Conjure Flame     |       |     2 |     4 |     5 ||    11
       Inner Flame       |       |     2 |       |     2 ||     4
       Throw Icicle      |       |       |    13 |       ||    13
       Fireball          |       |       |     5 |    11 ||    16
 Abil: Evoke Blink       |       |       |       |     1 ||     1
Evoke: Wand              |       |       |     6 |       ||     6
  Use: Scroll            |     1 |     5 |     6 |     4 ||    16
       Potion            |       |     2 |       |     2 ||     4
 Stab: Sleeping          |     7 |     5 |     7 |     1 ||    20
  Eat: Chunk             |     3 |     6 |     8 |     5 ||    22
       Bread ration      |       |     1 |     2 |       ||     3
       Beef jerky        |       |       |       |     1 ||     1
       Fruit             |       |       |       |     7 ||     7
Armor: Robe              |     4 |    11 |     3 |       ||    18
       Leather armour    |       |       |       |    13 ||    13
Dodge: Dodged            |    35 |    33 |    50 |    77 ||   195
